 Dungeon Crawl Stone Soup version 0.32-a0-953-g508020473e (webtiles) character file.

Game seed: 13415734440225059392

71 DEFE the Trooper (level 4, 0/35 HPs)
             Began as a Coglin Fighter on Apr 16, 2024.
             Slain by a ball python (3 damage)
             ... on level 2 of the Dungeon.
             The game lasted 00:01:13 (939 turns).

DEFE the Trooper (Coglin Fighter)                    Turns: 939, Time: 00:01:14

Health: 0/35       AC:  6    Str: 17    XL:     4   Next: 24%
Magic:  4/4        EV: -1    Int:  7    God:
Gold:   76         SH:  0    Dex: 15    Spells: 3/3 levels left

rFire   . . .        a - +0 flail {Akal}
rCold   . . .        c - +0 buckler
rNeg    . . .        b - +0 scale mail
rPois   .            (no helmet)
rElec   .            (no cloak)
rCorr   .            (no gloves)
SInv    .            (no boots)
Will    .....        (amulet unavailable) Stlth
                     (ring unavailable)
HPRegen 0.25/turn    (ring unavailable)
MPRegen 0.09/turn    (no gizmo)

%: no passive effects
@: confused, lethally poisoned (0 -> -6), ambrosia-drunk, constricted, revved
A: off-hand wielding, slow wielding, warmup strikes, no jewellery
a: Invent Gizmo


You were on level 2 of the Dungeon.
You visited 1 branch of the dungeon, and saw 2 of its levels.

You collected 76 gold pieces.

Inventory:

Hand Weapons
 a - a +0 flail (weapon) {Akal}
 g - a +0 sling
Armour
 b - a +0 scale mail (worn)
 c - a +0 buckler (worn)
 j - a +0 ring mail
Scrolls
 f - 2 scrolls of identify {unknown}
 h - a scroll of vulnerability {unknown}
 i - a scroll of fear {unknown}
Potions
 d - a potion of might
 k - a potion of heal wounds {unknown}


   Skills:
 - Level 3.3 Fighting
 - Level 2.3 Maces & Flails
 + Level 1.6 Ranged Weapons
 - Level 3.0 Armour
 - Level 2.5 Shields


You had 3 spell levels left.
You didn't know any spells.
Your spell library was empty.

Dungeon Overview and Level Annotations

Branches:
Dungeon (2/15)

Altars:


Innate Abilities, Weirdness & Mutations

You can wield a second weapon in your off-hand.
It takes a long time for you to wield or remove held weapons.
Your first few attacks do less damage.
You cannot equip rings or amulets.


Message History

Unknown command.
You hit the jackal.
You kill the jackal!
Unknown command.
You sock the kobold!
You kill the kobold!
The adder bites you but does no damage. The ball python barely misses you.
The ball python grabs you. The ball python constricts you. The adder bites you.
You are poisoned.
The adder poisons you!
Unknown command.
You barely miss the adder.
You feel sick. You block the adder's attack.
You block the ball python's attack. The ball python constricts you.
Unknown command.
You hit the adder.
The adder is severely wounded.
You feel sick. The adder bites you but does no damage.
The ball python bites you. The ball python constricts you. The adder bites you.
* * * LOW HITPOINT WARNING * * *
The ball python bites you but does no damage.
The ball python constricts you.
* * * LOW HITPOINT WARNING * * *
You barely miss the adder.
The adder is severely wounded.
You feel sick. The adder bites you.
* * * LOW HITPOINT WARNING * * *
You are lethally poisoned!
The adder poisons you! The ball python bites you.
* * * LOW HITPOINT WARNING * * *
The ball python constricts you. You block the adder's attack.
Unknown command.
It was a potion of ambrosia.
You are confused.
You feel invigorated.
* * * LOW HITPOINT WARNING * * *
You feel sick. The ball python bites you.
* * * LOW HITPOINT WARNING * * *
The ball python constricts you. The adder bites you but does no damage.
The ball python bites you.
You die...

.............### ...
...............+....
...............#...
...####.....##.... ####.....##.$#
...........#..####
.................#
..........#S##...##
...........#S@...##
...........##...##
.....###...##....## #..
.......###..†.......### ...
.......#.....##.......# #. ...
.............##......... .......
..............##..............###
............####........#........
............#...........#........


You could see an adder and a ball python.

Vanquished Creatures
  A gnoll (D:1)
  An adder (D:2)
  2 dart slugs (D:1)
  A ribbon worm (D:2)
  An orc (D:2)
  3 bats
  3 endoplasms
  A giant cockroach (D:1)
  5 goblins
  A hobgoblin (D:1)
  4 jackals (D:2)
  2 quokkas
  4 ball pythons
  3 frilled lizards
  6 kobolds
  4 rats (D:1)
42 creatures vanquished.

Notes
Turn   | Place    | Note
-------+----------+-------------------------------------------
     0 | D:1      | DEFE the Coglin Fighter began the quest for the Orb.
     0 | D:1      | Reached XP level 1. HP: 18/18 MP: 1/1
    63 | D:1      | Reached XP level 2. HP: 19/24 MP: 2/2
   271 | D:1      | Reached XP level 3. HP: 17/29 MP: 3/3
   763 | D:2      | Reached skill level 1 in Ranged Weapons
   858 | D:2      | Reached XP level 4. HP: 35/35 MP: 4/4
   938 | D:2      | HP: 1/35 [ball python (2)]
   939 | D:2      | Slain by a ball python

Illustrated notes

Levels and vault maps discovered:
D:1:      lightli_arrival_isolated_outpost, layout_basic, nrook_campfire
D:2:      layout_basic, dreamdust_ecumenical_altar_hidden_monk_grotto

Skill      XL: |  1  2  3 |
---------------+----------+-----
Maces & Flails | 2 |  2.3
Armour         | 3 |  3.0
Ranged Weapons | 1 |  1.6
Fighting       | |  3.3
Shields        | |  2.5

Action                     |  1- 3 |  4- 6 || total
---------------------------+-------+-------++-------
  Melee: Flail             |    86 |    34 ||   120
    Use: Potion            |       |     1 ||     1
 Armour: Scale mail        |    81 |    56 ||   137
  Dodge: Dodged            |    52 |    24 ||    76
  Block: Buckler           |    29 |    11 ||    40

Table legend: (Time is in decaauts)
 A = Elapsed time spent in this place.
 B = Non-inter-level travel time spent in this place.
 C = Inter-level travel time spent in this place.
 D = Time resting spent in this place.
 E = Time spent auto-exploring this place.
 F = Levels seen in this place.
 G = Mean time per level.
                   A        B        C        D        E       F      G
               +--------+--------+--------+--------+--------+-----+--------+
         Total |    981 |    945 |     36 |     44 |    606 |   2 |  490.5 |
       Dungeon |    981 |    945 |     36 |     44 |    606 |   2 |  490.5 |
               +--------+--------+--------+--------+--------+-----+--------+

Top non-repeatable levels by time:
     D:1: 737 daAuts
     D:2: 244 daAuts
